 Dungeon Crawl Stone Soup version 0.19.0-19-g8c6edcc (webtiles) character file.

72 Gobbopathe the Magician (level 4, 0/30 HPs)
             Began as a Demonspawn Wizard on Nov 15, 2016.
             Slain by an orc
             ... wielding a +0 short sword
              (6 damage)
             ... on level 3 of the Dungeon.
             The game lasted 00:07:38 (2579 turns).

Gobbopathe the Magician (Demonspawn Wizard)         Turns: 2579, Time: 00:07:38

Health: 0/30       AC:  4    Str:  7    XL:     4   Next: 7%
Magic:  1/9        EV: 12    Int: 20    God:
Gold:   96         SH:  0    Dex: 12    Spells: 3 memorised, 4 levels left

rFire  . . .     SeeInvis .     n - +0 short sword
rCold  . . .     Gourm    .     a - +0 robe
rNeg   + . .     Faith    .     (no shield)
rPois  .         Spirit   .     b - +0 hat
rElec  .         Reflect  .     (no cloak)
rCorr  .         Harm     .     (no gloves)
MR     .....                    (no boots)
Stlth  +++.......               (no amulet)
                                (no ring)
                                w - ring of positive energy

@: lethally poisoned (0 -> -5), very slightly contaminated, hasted, very quick
A: slimy green scales 1, nightstalker 1, powered by death 1
a: no special abilities


You were on level 3 of the Dungeon.
You were not hungry.

You visited 1 branch of the dungeon, and saw 3 of its levels.

You collected 96 gold pieces.

Inventory:

Hand Weapons
 n - a +0 short sword (weapon)
 p - a +2 antimagic trident
 v - a +0 hunting sling
Armour
 a - a +0 robe (worn)
 b - a +0 hat (worn)
Jewellery
 w - a ring of positive energy (left hand)
Wands
 q - a wand of lightning (3/15)
Scrolls
 e - 2 scrolls of identify {unknown}
 f - a scroll of enchant armour {unknown}
 g - a scroll of magic mapping {unknown}
 h - 2 scrolls of teleportation {unknown}
 j - 2 scrolls of immolation {unknown}
 l - a scroll of amnesia {unknown}
 r - a scroll of remove curse {unknown}
 s - a scroll of random uselessness {unknown}
Potions
 k - a potion of heal wounds {unknown}
 o - a potion of lignification {unknown}
Books
 c - a book of Minor Magic

   Spells                             Type                      Level
   a - Magic Dart                     Conjuration                  1
   b - Blink                          Translocation                2
   c - Call Imp                       Summoning                    2
   d - Repel Missiles                 Charms/Air                   2
   e - Slow                           Hexes                        2
   f - Conjure Flame                  Conjuration/Fire             3
   g - Mephitic Cloud                 Conjuration/Poison/Air       3
Comestibles
 d - 2 bread rations
 i - 2 meat rations
 t - a beef jerky
 u - a chunk of flesh


   Skills:
 - Level 1.7 Dodging
 + Level 2.3 Stealth
 + Level 3.5 Spellcasting
 * Level 2.8 Conjurations
   Level 1.0 Summonings
 - Level 0.8 Translocations


You had 4 spell levels left.
You knew the following spells:

 Your Spells              Type           Power        Failure   Level  Hunger
a - Magic Dart            Conj           ###.         4%          1    None
b - Mephitic Cloud        Conj/Pois/Air  #.......     30%         3    ###....
c - Blink                 Tloc           N/A          17%         2    ##.....


Dungeon Overview and Level Annotations

Branches:
Dungeon (3/15)

Altars:
Makhleb
Okawaru
Zin


Innate Abilities, Weirdness & Mutations

You are partially covered in slimy green scales. (AC +2)
You are slightly more attuned to the shadows.
You regenerate a little health from kills.


Message History

The adder is lightly wounded.
You feel sick. The adder closely misses you.
You barely miss the adder.
The adder is lightly wounded.
The adder misses you. The adder closely misses you.
It was a potion of haste.
You feel yourself speed up. The adder bites you.
You are more poisoned.
The adder poisons you!
You miss the adder.
The adder is lightly wounded.
You feel sick. The adder bites you.
You hit the adder but do no damage.
The adder is lightly wounded.
The adder misses you. The orc hits you with a short sword!
* * * LOW HITPOINT WARNING * * *
You completely miss the adder.
The adder is lightly wounded.
You feel sick. The adder barely misses you.
The orc hits you with a short sword.
You die...

##.....##
#.#.......#.#
#.#.......#.#
....._.....
#.......#
#...S...#
#..@..#
#.####o####.#
#............
##.###<####.#
#Z#.# ..# #.#
w..# #.. ##o#
#.# #. .#


You could see an adder, an orc and a hound skeleton (wandering).

Vanquished Creatures
  2 adders (D:2)
  3 worms (D:2)
  3 leopard geckos
  3 giant cockroaches
  5 goblins
  2 hobgoblins (D:2)
  5 jackals
  6 kobolds
  A quokka (D:2)
  5 bats
  3 frilled lizards
  6 rats
44 creatures vanquished.

Notes
Turn   | Place    | Note
-------+----------+-------------------------------------------
     0 | D:1      | Gobbopathe the Demonspawn Wizard began the quest for the Orb.
     0 | D:1      | Reached XP level 1. HP: 13/13 MP: 4/4
   857 | D:1      | Gained mutation: You are slightly more attuned to the shadows. [demonic ancestry]
   857 | D:1      | Reached XP level 2. HP: 19/19 MP: 4/6
  1267 | D:2      | Gained mutation: You are partially covered in slimy green scales. (AC +2) [demonic ancestry]
  1267 | D:2      | Reached XP level 3. HP: 24/24 MP: 3/7
  1272 | D:2      | Learned a level 3 spell: Mephitic Cloud
  1275 | D:2      | Learned a level 2 spell: Blink
  2207 | D:2      | Found an iron altar of Okawaru.
  2208 | D:2      | Found a glowing silver altar of Zin.
  2369 | D:2      | Gained mutation: You regenerate a little health from kills. [demonic ancestry]
  2369 | D:2      | Reached XP level 4. HP: 28/30 MP: 3/9
  2564 | D:3      | Found a burning altar of Makhleb.
  2579 | D:3      | Slain by an orc

Skill      XL: |  1  2 |
---------------+-------+-----
Conjurations   | 2 |  2.8
Stealth        | 2 |  2.3
Dodging        | |  1.7
Spellcasting   | |  3.5
Summonings     | |  1.0
Translocations | |  0.8

Action                   |  1- 3 |  4- 6 || total
-------------------------+-------+-------++-------
Melee: Unarmed           |    19 |       ||    19
       Whip              |    10 |       ||    10
       Short sword       |    92 |    11 ||   103
 Cast: Magic Dart        |    72 |     3 ||    75
       Mephitic Cloud    |     5 |     1 ||     6
  Use: Potion            |       |     1 ||     1
 Stab: Sleeping          |     4 |       ||     4
       Confused          |     3 |       ||     3
  Eat: Chunk             |     5 |     1 ||     6
Armor: Robe              |    26 |     1 ||    27
Dodge: Dodged            |    83 |    10 ||    93
